 Dungeon Crawl Stone Soup version 0.31-a0-876-gfe8ebadbca (webtiles) character file.

Game seed: 8708597723290285977

511 Azuregosa the Covert (level 7, 0/46 HPs)
             Began as an Octopode Delver on Oct 13, 2023.
             Slain by an endoplasm (3 damage)
             ... on level 4 of the Dungeon.
             The game lasted 00:10:54 (3065 turns).

Azuregosa the Covert (Octopode Delver)              Turns: 3065, Time: 00:10:54

Health: 0/46       AC:  1    Str: 12    XL:     7   Next: 19%
Magic:  7/7        EV: 13    Int: 14    God:
Gold:   173        SH:  0    Dex: 13    Spells: 6/6 levels left

rFire   . . .        n - +0 halberd
rCold   . . .        (shield currently unavailable)
rNeg    . . .        (helmet restricted)
rPois   .            (no amulet)
rElec   .            o - ring of wizardry
rCorr   .            (no ring)
SInv    .            (no ring)
Will    .....        (no ring)
Stlth   ++++++       (no ring)
HPRegen 0.27/turn    (no ring)
MPRegen 0.10/turn    (no ring)
                     (no ring)

%: wizardry (x1)
@: lethally poisoned (0 -> -4)
A: almost no armour, amphibious, 8 rings, camouflage 1, gelatinous body 1,
(nimble swimmer 1), tentacles
a: no special abilities


You were on level 4 of the Dungeon.
You visited 1 branch of the dungeon, and saw 5 of its levels.

You collected 173 gold pieces.

Inventory:

Hand Weapons
 a - a +0 falchion
 c - a +0 spear
 n - a +0 halberd (weapon)
Magical Staves
 m - a staff of fire
Jewellery
 o - a ring of wizardry (left tentacle)
Talismans
 l - a maw talisman
Wands
 f - a wand of digging (3)
Scrolls
 b - a scroll of fog
 d - a scroll of teleportation {unknown}
 h - 6 scrolls of identify {unknown}
 p - a scroll of amnesia {unknown}
 r - a scroll of enchant weapon {unknown}
 t - a scroll of immolation {unknown}
Potions
 e - a potion of haste
 g - a potion of curing {unknown}
 i - a potion of magic {unknown}
 j - a potion of degeneration {unknown}
 k - a potion of enlightenment {unknown}
 q - a potion of heal wounds {unknown}
 s - a potion of brilliance {unknown}
 u - a potion of attraction {unknown}


   Skills:
 - Level 3.0 Fighting
 - Level 2.0 Long Blades
 - Level 2.0 Dodging
 + Level 12.3 Stealth


You had 6 spell levels left.
You didn't know any spells.
Your spell library was empty.

Dungeon Overview and Level Annotations

Branches:
Dungeon (5/15)
 Temple: D:4-7

Altars:

Annotations:
D:4 Eustachio, Grinder


Innate Abilities, Weirdness & Mutations

You cannot wear most types of armour.
You are amphibious.
You can wear up to eight rings at the same time.
Your skin changes colour to match your surroundings (Stealth+).
Your rubbery body absorbs attacks. (AC +1, EV +1)
((You are camouflaged when in or above water. (Stealth+)))
You have tentacles for arms and can constrict up to eight enemies at once.


Message History

You hit the orc. You grab the orc.
The orc is almost dead.
You constrict the orc.
You kill the orc!
The adder bites you.
You are poisoned.
The adder poisons you!
You hit the adder but do no damage. Your grab misses the adder.
You feel sick. The adder bites you.
You are more poisoned.
The adder poisons you! The adder bites you.
You puncture the adder! Your grab misses the adder.
The adder is severely wounded.
You feel very sick. The adder barely misses you. The adder misses you.
You hit the adder. Your grab misses the adder.
The adder is almost dead.
You feel very sick. The adder closely misses you. The adder barely misses you.
You closely miss the adder. Your grab misses the adder.
The adder is almost dead.
You feel sick. The adder bites you.
* * * LOW HITPOINT WARNING * * *
The adder bites you.
* * * LOW HITPOINT WARNING * * *
You are more poisoned.
The adder poisons you!
You slash the adder!
You kill the adder!
* * * LOW HITPOINT WARNING * * *
You feel very sick.
You hit the endoplasm.
You squeeze the endoplasm, but do no damage.
The endoplasm is severely wounded.
You feel sick. The endoplasm freezes you.
You are frozen.
* * * LOW HITPOINT WARNING * * *
The endoplasm hits you.
You die...

##..##......##..##*,,,,,,,,,**,*,
####........#...##.......,,,,,,,
#.......###...#.......#,,.....
###.#...##....#......#*,,.....
###....)...........#.,,.....
****** ####....#.#........,,...o.
,,,,,*** ###...#*#........,,,.)..
,,,,,*,*##.#...###....###,,**#.#.
,,_^^,*,#.......@J).....#,**#..*#
^,,,,*#..####..###........* #.###
,^,,^*#***,#........##....* #.##.
******,,,,,#.###.........#* #.#..
*,,,,,,,...* #...##.....*##...)
*,,,,,,..#.**##..#*###..##..##.
****,,...#.,,,..## #.......##
**,.#,..***...* #...#...##
*,**,,****,,,** *##.*#...##


You could see an endoplasm.

Vanquished Creatures
  Sigmund (D:2)
  A scorpion (D:4)
  A hound (D:4)
  An orc priest (D:4)
  Jessica (D:2)
  2 iguanas (D:5)
  An orc wizard (D:4)
  3 gnolls (D:2)
  2 adders
  3 worms (D:2)
  2 dart slugs
  4 orcs
  A ball python (D:1)
  4 bats
  6 endoplasms
  A giant cockroach (D:1)
  10 goblins
  5 hobgoblins
  3 jackals (D:1)
  2 quokkas (D:1)
  3 frilled lizards
  4 kobolds
  4 rats
65 creatures vanquished.

Notes
Turn   | Place    | Note
-------+----------+-------------------------------------------
     0 | D:5      | Azuregosa the Octopode Delver began the quest for the Orb.
     0 | D:5      | Reached XP level 1. HP: 16/16 MP: 1/1
    50 | D:4      | Reached skill level 7 in Stealth
    50 | D:4      | Reached XP level 2. HP: 21/21 MP: 2/2
   109 | D:4      | Noticed Eustachio
   206 | D:2      | Noticed Jessica
   216 | D:2      | Killed Jessica
   217 | D:2      | Reached skill level 8 in Stealth
   217 | D:2      | Reached XP level 3. HP: 18/26 MP: 3/3
   349 | D:2      | Reached XP level 4. HP: 30/31 MP: 4/4
  1017 | D:2      | Noticed Sigmund
  1245 | D:2      | Reached skill level 9 in Stealth
  1265 | D:2      | Reached XP level 5. HP: 18/36 MP: 5/5
  1775 | D:2      | Killed Sigmund
  1776 | D:2      | Reached skill level 11 in Stealth
  1776 | D:2      | Reached XP level 6. HP: 40/42 MP: 6/6
  2667 | D:4      | Noticed Grinder
  2679 | D:4      | Paralysed by Grinder for 5 turns
  2788 | D:5      | Reached XP level 7. HP: 7/46 MP: 7/7
  3048 | D:4      | Reached skill level 12 in Stealth
  3065 | D:4      | Slain by an endoplasm

Illustrated notes

Levels and vault maps discovered:
D:1:      lightli_arrival_quake, layout_basic, serial_corexii_hall,
          corexii_hall_statues_u, corexii_hall_statues_t
D:2:      layout_basic, uniq_jessica, uniq_sigmund
D:3:      layout_loops_ring, kennysheep_path_1
D:4:      layout_cave_pools, mainiacjoe_overflow_surrounded_room,
          nicolae_ru_the_path_less_chosen, uniq_eustachio, uniq_grinder
D:5:      layout_loops_ring, marbit_many_paths, kennysheep_mini_moat,
          mainiacjoe_overflow_alcove_4, uniq_prince_ribbit1

Skill      XL: |  1  2  3  4  5  6  7 |
---------------+----------------------+-----
Stealth        | 7 8 9 11 12 | 12.3
Fighting       | |  3.0
Long Blades    | |  2.0
Dodging        | |  2.0

Action                     |  1- 3 |  4- 6 |  7- 9 || total
---------------------------+-------+-------+-------++-------
  Melee: Falchion          |     3 |       |       ||     3
         Tentacles         |     7 |    20 |     4 ||    31
         Constrict         |     7 |    26 |     7 ||    40
         Spear             |    30 |    40 |       ||    70
         Punch             |     1 |     1 |     1 ||     3
         Halberd           |       |    37 |    22 ||    59
    Use: Scroll            |     3 |       |       ||     3
         Potion            |       |     1 |       ||     1
   Stab: Sleeping          |     6 |    15 |     1 ||    22
         Distracted        |       |     1 |       ||     1
 Armour: Skin              |    10 |    35 |    13 ||    58
  Dodge: Dodged            |    13 |    30 |    14 ||    57

Table legend: (Time is in decaauts)
 A = Elapsed time spent in this place.
 B = Non-inter-level travel time spent in this place.
 C = Inter-level travel time spent in this place.
 D = Time resting spent in this place.
 E = Time spent auto-exploring this place.
 F = Levels seen in this place.
 G = Mean time per level.
                   A        B        C        D        E       F      G
               +--------+--------+--------+--------+--------+-----+--------+
         Total |   3083 |   2985 |     98 |    421 |   1573 |   5 |  616.6 |
       Dungeon |   3083 |   2985 |     98 |    421 |   1573 |   5 |  616.6 |
               +--------+--------+--------+--------+--------+-----+--------+

Top non-repeatable levels by time:
     D:2: 1009 daAuts
     D:1: 845 daAuts
     D:3: 758 daAuts
     D:4: 258 daAuts
     D:5: 211 daAuts
